[Event "GCT Paris Rapid 2021"]
[Site "Paris"]
[Date "2021.06.20"]
[Round "9.3"]
[White "Nepomniachtchi, Ian"]
[Black "Radjabov, Teimour"]
[Result "1-0"]
[ECO "C67"]
[WhiteElo "2792"]
[BlackElo "2765"]
[Annotator "RC"]
[PlyCount "181"]
[EventDate "2021.06.18"]
[EventType "tourn"]
[EventCountry "FRA"]
[SourceTitle "playchess.com"]
[Source "ChessBase"]
[SourceQuality "1"]
[TimeControl "1500+10"]

1. e4 e5 2. Nf3 Nc6 3. Bb5 Nf6 4. O-O Nxe4 5. d4 Nd6 6.
Ba4 exd4 7. c3 Be7 8. cxd4 b5 9. Bb3 O-O 10. Nc3 Bb7 11. Re1 Bf6 12. Bf4 Na5 13. Bc2 b4 14. Na4 g6 15. Ne5 Nb5 16. Nc5 d6 17. Nxb7 Nxb7 18.
Nc6 Qd7 19. Nxb4 Nxd4 20. Nd5 Bg7 21. Re7 Qd8 22. Bg5 Kh8 23.
Bxg6 fxg6 24. h4 Qxe7 25. Nxe7 Rae8 26. Be3 c5 27. Nd5 Re5 28. Nc3 Nd8 29. Qd2 N8e6 30. Bh6 Bxh6 31. Qxh6 Rf4 32. g3 Rf7 33. Qc1 Ref5 34. f4 h6 35. Qd1 g5 36. hxg5 hxg5 37. Ne4 Rh7 38. Nxd6 Rf6 39. f5 Rfh6 40. Kf2 Rh2+ 41. Ke3 Nc2+ 42. Ke4 Ned4 43. f6 Re2+ 44. Kd3 Nxa1 45. Qxa1 Re6 46. Ne4 Nf5 47. Qc1 Rd7+ 48. Kc3 Nd6 49. Qh1+ Kg8 50. Nxg5 Rxf6 51. Qd5+ Kf8 52. Qe5 Ne8 53. Ne6+ Kf7 54. Nxc5 Re7 55. Qd5+ Kg7 56. Qg5+ Kf7 57. Qd5+ Kg7 58. b3 Nd6 59. Kb4 Nf7 60. Ka3 Rd6 61. Qc4 Rg6 62. Qd4+ Kg8 63. Ne4 Ree6 64. g4 Kh7 65. Kb2 Rb6 66. Qd7 Kg7 67. Qxa7 Rge6 68. Ng5 Re2+ 69. Ka3 Rf6 70. Nxf7 Rxf7 71. Qd4+ Kg8 72. Qc4 Re5 73. b4 Kg7 74. Qd4 Rfe7 75. Kb3 Kg6 76. a3 Kg5 77. Ka4 Re4 78.
Qb6 R4e6 79. Qf2 Kxg4 80. b5 Re3 81. Qg1+ Kf4 82. Qh2+ Kf5 83.
Qh5+ Kf4 84. Qc5 R7e5 85. Qf8+ Ke4 86. Ka5 Rf3 87. Qb4+ Kf5 88. a4 Rfe3 89. Ka6 Re8 90. b6 R3e4 91. Qb5+ 1-0